 Dungeon Crawl Stone Soup version 0.20.1-1-g8b1a95d (webtiles) character file.

247 tidbits the Digger (level 5, 18/38 HPs)
             Began as a Demigod Wanderer on Aug 23, 2017.
             Quit the game in an ossuary.
             The game lasted 00:12:15 (1173 turns).

tidbits the Digger (Demigod Wanderer)               Turns: 1173, Time: 00:12:15

Health: 18/38      AC:  7    Str: 13    XL:     5   Next: 55%
Magic:  7/11       EV: 11    Int: 20    God:
Gold:   132        SH:  0    Dex: 15    Spells: 1/9 levels left

rFire    . . .     SeeInvis .   (no weapon)
rCold    . . .     Gourm    .   (no shield)
rNeg     . . .     Faith    .   B - +0 robe
rPois    .         Spirit   .   E - +2 helmet
rElec    .         Reflect  .   C - +0 cloak
rCorr    .         Harm     .   G - +0 pair of gloves
MR       .....                  (no boots)
Stlth    ++........             (no amulet)
Regen    0.2/turn               (no ring)
MPRegen  0.2/turn               (no ring)

@: mildly poisoned (18 -> 14)
A: high mp 1
a: no special abilities


You were in an ossuary.
You were not hungry.

You visited 1 branch of the dungeon, and saw 5 of its levels.
You also visited: Ossuary.

You collected 132 gold pieces.

Inventory:

Hand Weapons
 e - a +0 dagger
Missiles
 g - 17 stones (quivered)
 k - 64 arrows
Armour
 B - a +0 robe (worn)
 C - a +0 cloak (worn)
 E - a +2 helmet (worn)
 G - a +0 pair of gloves (worn)
Scrolls
 l - a scroll of recharging
 n - 2 scrolls of teleportation
 r - 2 scrolls of remove curse
 s - a scroll of fear
Potions
 c - 2 potions of lignification
 h - 2 potions of heal wounds {unknown}
 j - a potion of brilliance {unknown}
 q - a potion of curing {unknown}
 t - 2 potions of mutation {unknown}
Books
 a - a book of Spatial Translocations

   Spells                             Type                      Level
   a - Blink                          Translocation                2
   b - Shroud of Golubria             Charms/Translocation         2
   c - Lesser Beckoning               Translocation                3
   d - Gell's Gravitas                Translocation                3
   e - Teleport Other                 Translocation                3
   f - Passage of Golubria            Translocation                4
 b - the Catalogue of Clay

   Spells                             Type                      Level
   a - Sandblast                      Earth                        1
   b - Stone Arrow                    Conjuration/Earth            3
Comestibles
 f - 3 bread rations
 u - a meat ration


   Skills:
 - Level 1.0 Stealth
 - Level 2.6 Spellcasting
 - Level 2.6 Translocations
 + Level 5.2 Earth Magic
   Level 1.7 Poison Magic
   Level 1.0 Evocations


You had one spell level left.
You knew the following spells:

 Your Spells              Type           Power        Failure   Level  Hunger
b - Blink                 Tloc           N/A          8%          2    ##.....
f - Stone Arrow           Conj/Erth      ##....       16%         3    ###....
g - Shroud of Golubria    Chrm/Tloc      #.........   13%         2    ##.....
z - Sandblast             Erth           ###...       1%          1    None


Dungeon Overview and Level Annotations

Branches:
Dungeon (5/15)
 Temple: D:4-7


Innate Abilities, Weirdness & Mutations

You have an increased reservoir of magic. (+10% MP)


Message History

You swing at nothing.
You swing at nothing.
You swing at nothing.
You swing at nothing.
You swing at nothing.
You swing at nothing.
You swing at nothing.
You swing at nothing.
Wield which item (- for none, * to show all)? (? for menu, Esc to quit)
That's the wrong kind of item! (Use * to select it.) Wield which item (- for none, * to show all)? (? for menu, Esc to quit)
That's the wrong kind of item! (Use * to select it.) Wield which item (- for none, * to show all)? (? for menu, Esc to quit)
Okay, then.
Unknown command.
Wield which item (- for none, * to show all)? (? for menu, Esc to quit)
You are now empty-handed.
You open the door.
There is an open door here.
You found a needle trap!
A poisoned needle shoots out and misses you.
You found an arrow trap!
You found a needle trap!
There is a needle trap here.
As you open the door, it creaks loudly! 3 zombies come into view.
There is an open door here.
A poisoned needle shoots out and hits you!
You are poisoned.
You feel sick.
There is a needle trap here.
You feel sick.
Really attack barehanded? [Y]es or [N]o only, please.
Really attack barehanded? [Y]es or [N]o only, please.
Really attack barehanded? [Y]es or [N]o only, please.
Really attack barehanded? [Y]es or [N]o only, please.
Really attack barehanded?
Okay, then.
Wield which item (- for none, * to show all)? (? for menu, Esc to quit)
You are already empty-handed.
Wield which item (- for none, * to show all)? (? for menu, Esc to quit)
That's the wrong kind of item! (Use * to select it.) Wield which item (- for none, * to show all)? (? for menu, Esc to quit)
That's the wrong kind of item! (Use * to select it.) Wield which item (- for none, * to show all)? (? for menu, Esc to quit)
Okay, then.
You feel sick.
You feel sick.
A poisoned needle hits the gnoll zombie!
You feel sick.
There is an open door here.
You feel sick.
A poisoned needle hits the big kobold zombie, but does no damage!
You feel sick.
The big kobold zombie hits you but does no damage.
The gnoll zombie hits you.
* * * LOW HITPOINT WARNING * * *
There is an open door here.
Press: ? - help, v - describe, . - travel The floor.
Casting: Sandblast
Confirm with . or Enter, or press ? or * to list all spells.
Aiming: Sandblast
Press: ? - help, Shift-Dir - straight line, f - gnoll zombie
Aim: a gnoll zombie The blast of sand hits the big kobold zombie.
The big kobold zombie is lightly damaged.
g - 20 stones You feel sick.
The big kobold zombie hits you but does no damage.
Casting: Sandblast
Confirm with . or Enter, or press ? or * to list all spells.
Aiming: Sandblast
Press: ? - help, Shift-Dir - straight line, f/p - gnoll zombie
Aim: a gnoll zombie The blast of sand hits the big kobold zombie.
The big kobold zombie is heavily damaged.
g - 19 stones The big kobold zombie barely misses you.
Casting: Sandblast
Confirm with . or Enter, or press ? or * to list all spells.
Aiming: Sandblast
Press: ? - help, Shift-Dir - straight line, f/p - gnoll zombie
Aim: a gnoll zombie The blast of sand hits the big kobold zombie.
The big kobold zombie is almost destroyed.
g - 18 stones You feel sick.
Casting: Sandblast
Confirm with . or Enter, or press ? or * to list all spells.
Aiming: Sandblast
Press: ? - help, Shift-Dir - straight line, f/p - gnoll zombie
Aim: a gnoll zombie The blast of sand hits the big kobold zombie.
You destroy the big kobold zombie!
g - 17 stones Are you sure you want to abandon this character and quit the game? (Confirm with "yes".)

#...'.∩.#!$??+
#...#...#?!!!#
#.^.##### ###
#...# ##'##
#...# #...#
#...# #..@#
###Z# #.^Z#
#...# #^..#
#^^^# ###'#
#...# #...+


You could see a gnoll zombie and a big kobold zombie.

Vanquished Creatures
  A water moccasin zombie (Ossuary)
  An elf skeleton (D:5)
  A bullfrog skeleton (D:5)
  A human skeleton (D:5)
  A big kobold zombie (Ossuary)
  An adder (D:3)
  An adder zombie (Ossuary)
  2 worms
  A dart slug (D:2)
  A leopard gecko (D:4)
  3 bats
  4 giant cockroaches
  7 goblins
  5 hobgoblins
  A quokka (D:3)
  2 frilled lizards
  A gnoll zombie (Ossuary)
  A hobgoblin zombie (Ossuary)
  3 kobolds
  4 kobold zombies (Ossuary)
  An orc skeleton (D:5)
  An orc zombie (D:5)
  A quokka zombie (D:5)
  A rat (D:3)
46 creatures vanquished.

Vanquished Creatures (others)
  A ball python (D:5)
1 creature vanquished.

Grand Total: 47 creatures vanquished

Notes
Turn   | Place    | Note
-------+----------+-------------------------------------------
     0 | D:1      | tidbits the Demigod Wanderer began the quest for the Orb.
     0 | D:1      | tidbits set off with: a book of Spatial Translocations, the Catalogue of Clay, a potion of lignification, a +0 robe, a +0 dagger, a bread ration
     0 | D:1      | Reached XP level 1. HP: 14/14 MP: 6/6
     0 | D:1      | Identified the Catalogue of Clay
     2 | D:1      | Learned a level 1 spell: Sandblast
   119 | D:1      | Reached skill level 1 in Earth Magic
   226 | D:1      | Reached XP level 2. HP: 20/20 MP: 6/8
   230 | D:1      | Learned a level 2 spell: Shroud of Golubria
   233 | D:1      | Learned a level 2 spell: Blink
   319 | D:1      | Reached skill level 2 in Earth Magic
   565 | D:3      | Reached XP level 3. HP: 25/26 MP: 1/9
   693 | D:3      | Reached skill level 3 in Earth Magic
   758 | D:5      | Entered Level 5 of the Dungeon
   762 | D:5      | Reached XP level 4. HP: 24/33 MP: 5/10
   902 | D:5      | Reached skill level 4 in Earth Magic
   907 | D:5      | Learned a level 3 spell: Stone Arrow
   920 | D:5      | Found a sand-covered staircase.
   944 | D:5      | Reached XP level 5. HP: 14/38 MP: 5/11
   947 | Ossuary  | Entered an ossuary
  1049 | Ossuary  | Reached skill level 5 in Earth Magic
  1173 | Ossuary  | Quit the game

Skill      XL: |  1  2  3  4  5 |
---------------+----------------+-----
Earth Magic    | 1 2 3 4 5 |  5.2
Stealth        | |  1.0
Spellcasting   | |  2.6
Translocations | |  2.6
Poison Magic   | |  1.7
Evocations     | |  1.0

Action                   |  1- 3 |  4- 6 || total
-------------------------+-------+-------++-------
Melee: Dagger            |    29 |    73 ||   102
 Cast: Sandblast         |    46 |    24 ||    70
       Shroud of Golubri |       |     3 ||     3
  Use: Scroll            |     1 |     7 ||     8
 Stab: Sleeping          |     1 |     1 ||     2
  Eat: Royal jelly       |       |     1 ||     1
Armor: Robe              |    14 |    31 ||    45
Dodge: Dodged            |    28 |    31 ||    59

Table legend:
 A = Turns spent in this place as a percentage of turns spent in the entire game.
 B = Non-inter-level travel turns spent in this place as a percentage of non-inter-level travel turns spent in the entire game.
 C = Inter-level travel turns spent in this place as a percentage of turns spent in this place.
 D = Turns resting spent in this place as a percentage of non-inter-level travel turns spent in this place.
 E = Turns spent auto-exploring this place as a percentage of non-inter-level travel turns spent in this place.
 F = Non-inter-level travel turns spent in this place divided by the number of levels of this place that you've seen.
                   A       B       C       D       E      F
               +-------+-------+-------+-------+-------+----------------------
         Total | 100.0 | 100.0 |   0.0 |   0.0 |   0.0 | 187.8
       Dungeon |  78.5 |  78.5 |   0.0 |   0.0 |   0.0 | 177.0
       Ossuary |  21.5 |  21.5 |   0.0 |   0.0 |   0.0 | 242.0
               +-------+-------+-------+-------+-------+----------------------

Table legend:
 A = Kills in this place as a percentage of kills in entire the game.
 B = Kills by you in this place as a percentage of kills by you in the entire game.
 C = Kills by friends in this place as a percentage of kills by friends in the entire game.
 D = Other kills in this place as a percentage of other kills in the entire game.
 E = Experience gained in this place as a percentage of experience gained in the entire game.
 F = Experience gained in this place divided by the number of levels of this place that you have seen.
                   A       B       C       D       E      F
               +-------+-------+-------+-------+-------+----------------------
         Total | 100.0 | 100.0 |  -nan |  -nan | 100.0 |  59.0
       Dungeon |  80.4 |  80.4 |  -nan |  -nan |  66.4 |  47.0
       Ossuary |  19.6 |  19.6 |  -nan |  -nan |  33.6 | 119.0
               +-------+-------+-------+-------+-------+----------------------

Vault maps used:
D:1:      dpeg_arrival_snail
D:3:      fedhas_altar_1, uniq_natasha, uniq_jessica, uniq_sigmund
D:5:      xom_confusion_cloud, nicolae_ossuary_entry_catacombs, first_bread,
          guppyfry_early_orc_mine
Ossuary:  ossuary_tomb_2
